 Dungeon Crawl Stone Soup version 0.16-a0-747-geaeaf20 (webtiles) character file.

33889 PolkaDot the Destroyer (level 13, 0/99 HPs)
             Began as a Red Draconian Conjurer on Sept 22, 2014.
             Was a High Priest of Vehumet.
             Succumbed to a black mamba's poison
             ... on Level 7 of the Lair of Beasts on Sept 23, 2014.
             The game lasted 02:54:45 (26681 turns).

PolkaDot the Destroyer (Red Draconian Conjurer)    Turns: 26681, Time: 02:54:45

HP   0/99        AC 18     Str 11      XL: 13   Next: 39%
MP  31/46        EV 11     Int 19      God: Vehumet [*****.]
Gold 1084        SH  5     Dex 13      Spells:  5 memorised,  6 levels left

rFire  + . .     SeeInvis .     w - +1 trident (protect)
rCold  + . .     Clarity  .     (armour unavailable)
rNeg   . . .     rCorr    .     e - +2 buckler
rPois  .         rRot     .     P - +2 hat
rElec  .         Spirit   .     (no cloak)
SustAb .         Warding  .     (no gloves)
rMut   +         Stasis   .     b - +2 pair of boots of Distant Shores {rC+}
Gourm  .                        q - amulet of resist mutation
MR     .....                    f - ring of magical power
                                K - ring of magical power

@: lethally poisoned, very slightly contaminated, starving, not resistant to
hostile enchantments, unstealthy
A: breathe fire, unfitting armour, fire resistance 1, cold-blooded, AC +8
a: Breathe Fire, Renounce Religion


You were on level 7 of the Lair of Beasts.
You worshipped Vehumet.
Vehumet was extremely pleased with you.
You were starving.

You visited 3 branches of the dungeon, and saw 16 of its levels.
You also visited: Labyrinth and Sewer.

You collected 1084 gold pieces.

Inventory:

Hand weapons
 o - the +5 dire flail of Mnar {flame, SInv Stlth+}
   (You took it off a minotaur in a labyrinth)

   It emits flame when wielded, causing extra injury to most foes and up to
   double damage against particularly susceptible opponents.
   It enhances your eyesight.
   It makes you more stealthy.
 w - a +1 trident of protection (weapon)
Missiles
 m - a throwing net (quivered)
Armour
 b - the +2 pair of boots of Distant Shores (worn) {rC+}
   (You acquired it on level 5 of the Lair of Beasts)

   It protects you from cold.
 e - a +2 buckler (worn)
 P - a +2 hat (worn)
Magical devices
 g - a wand of slowing (14)
 h - a wand of fire (5) {unknown}
 k - a wand of cold (3)
 A - a wand of flame (4)
 B - a wand of draining (6) {unknown}
 C - a wand of digging (14)
 D - a wand of lightning (11)
 E - a wand of enslavement (11)
 H - a wand of flame (7)
 I - a wand of digging (16)
 O - a wand of slowing (8)
Comestibles
 i - 9 fruits
 s - 2 bread rations
 v - a meat ration
 L - a slice of pizza
Scrolls
 a - 6 scrolls of remove curse
 l - a scroll of fog
 r - a scroll of recharging
 t - 3 scrolls of amnesia
 y - 3 scrolls of enchant weapon
Jewellery
 f - a ring of magical power (right hand)
 n - an uncursed ring of positive energy
 q - an amulet of resist mutation (around neck)
 F - an uncursed ring of wizardry
 K - a ring of magical power (left hand)
Potions
 d - a potion of magic
 j - 2 potions of restore abilities
 u - a potion of brilliance
 x - a potion of agility
 G - 3 potions of might
Books
 c - a book of Conjurations

   Spells                             Type                      Level
   Magic Dart                         Conjuration                  1
   *Searing Ray                       Conjuration                  2
   Dazzling Spray                     Conjuration/Hexes            3
   *Fulminant Prism                   Conjuration/Hexes            4
   *Iskenderun's Mystic Blast         Conjuration                  4
   Iskenderun's Battlesphere          Conjuration/Charms           5
 p - a book of Power

   Spells                             Type                      Level
   *Fulminant Prism                   Conjuration/Hexes            4
   *Iskenderun's Mystic Blast         Conjuration                  4
   Venom Bolt                         Conjuration/Poison           5
   Bolt of Magma                      Conjuration/Fire/Earth       5
   Iron Shot                          Conjuration/Earth            6
   Orb of Destruction                 Conjuration                  7
 M - a book of Ice

   Spells                             Type                      Level
   Metabolic Englaciation             Hexes/Ice                    5
   Ozocubu's Refrigeration            Ice                          6
   Bolt of Cold                       Conjuration/Ice              6
   *Freezing Cloud                    Conjuration/Ice/Air          6
   Simulacrum                         Ice/Necromancy               6
 Q - a book of Necromancy

   Spells                             Type                      Level
   Pain                               Necromancy                   1
   Animate Skeleton                   Necromancy                   1
   Vampiric Draining                  Necromancy                   3
   Regeneration                       Charms/Necromancy            3
   Animate Dead                       Necromancy                   4
   Control Undead                     Necromancy                   4


   Skills:
 + Level 4.8 Fighting
 + Level 2.0 Dodging
 - Level 1.7 Stealth
 - Level 7.0 Spellcasting
 - Level 17.0 Conjurations
 - Level 8.2 Hexes
 - Level 5.8 Ice Magic
 * Level 4.8 Air Magic


You had 6 spell levels left.
You knew the following spells:

 Your Spells              Type           Power        Failure   Level  Hunger
a - Throw Icicle          Conj/Ice       ######..     1%          4    ###....
d - Iskenderun's Mystic   Conj           ######..     1%          4    ###....
f - Fulminant Prism       Conj/Hex       ######....   1%          4    ###....
s - Searing Ray           Conj           ######       1%          2    None
z - Freezing Cloud        Conj/Ice/Air   #####.....   16%         6    ######.


Dungeon Overview and Level Annotations

Branches:
Dungeon (8/15)             Temple (1/1) D:5            Lair (7/8) D:8
 Shoals (0/5) Lair:3        Snake (0/5) Lair:6        Slime (0/6) Lair:7

Altars:
Ashenzari
Fedhas
Gozag
Makhleb
Nemelex Xobeh
Okawaru
Ru
Sif Muna
Trog
Vehumet
Xom
Zin
The Shining One
Jiyva

Shops:
D:8 *

Annotations:
D:4 Somebody's ghost, average DrTm


Innate Abilities, Weirdness & Mutations

You can breathe blasts of fire.
Your fiery red scales are hard (AC +8).
Your body does not fit into most forms of armour.
Your flesh is heat resistant.
Your cold-blooded metabolism reacts poorly to cold.


Message History

The wolf completely misses you. You block the wolf's attack.
The wolf is engulfed in freezing vapours.
The wolf bites you but does no damage.
The black mamba is engulfed in freezing vapours.
The black mamba bites you!
* * * LOW HITPOINT WARNING * * *
You are more poisoned.
The black mamba poisons you! The wolf barely misses you.
The crocodile is engulfed in freezing vapours.
The wolf barely misses you.
The seven-headed hydra is engulfed in freezing vapours.
The seven-headed hydra seems to slow down.
The wolf is engulfed in freezing vapours.
The wolf bites you!
* * * LOW HITPOINT WARNING * * *
The black mamba is engulfed in freezing vapours.
You block the black mamba's attack.
You miss the black mamba.
Your tail-slap misses the black mamba.
The black mamba is heavily wounded.
You die...

## #.#..## ##.####..#
##....# #######....
#.....# ##.#..#.P...
######....# #.#.........
#P........## ##.....%....
#.....§§§..###...........
......§§t..#.............
......DhSh.#..#..........
........h@......#.........
..........%..#####........
##.........#.#.>.#........
##..........#JJ.##P#.....
#...........#JJ.#####....
##..#..P..P.##+## #..#
###....#.......##
###....##...P.#
#..P..####.........


You could see a seven-headed hydra, a black mamba, a crocodile and 3 wolves.

Vanquished Creatures
  Rupert (Lair:6)
  A minotaur (Lab)
  3 hydras
  A hill giant (D:8)
  A manticore (Lair:3)
  A griffon (Lair:3)
  An oklob plant (Lair:5)
  6 elephants (Lair:6)
  3 black mambas
  A torpor snail (Lair:5)
  Psyche (D:8)
  A troll (D:8)
  7 komodo dragons
  A feature mimic (Lair:6)
  14 spiny frogs
  2 fire drakes
  Prince Ribbit (D:5)
  16 blink frogs
  4 basilisks (Lab)
  10 fire bats
  2 fire elementals (Lair:5)
  6 swamp worms (Lair:6)
  17 yaks
  6 hippogriffs
  A spriggan (D:7)
  12 porcupines
  9 water moccasins
  10 wolves
  A hill giant skeleton (D:8)
  An orc warrior (D:8)
  Purgy (Sewer)
  A necrophage (D:8)
  A sky beast (D:8)
  An ogre (D:4)
  9 crocodiles
  A boring beetle (Lair:6)
  A brain worm (Lair:5)
  10 giant frogs
  2 scorpions
  3 killer bees (D:7)
  A goliath beetle (D:6)
  6 electric eels
  2 crimson imps (D:5)
  A giant frog zombie (D:6)
  18 hounds
  A jelly (D:6)
  A lava snake (Lair:5)
  4 orc priests (D:5)
  A centaur zombie (D:6)
  A centaur skeleton (D:8)
  5 iguanas
  2 orc wizards
  A black bear skeleton (D:7)
  5 worker ants
  4 sheep (Lair:5)
  Ijyb (D:2)
  A hound zombie (D:3)
  Terence (D:2)
  A worker ant zombie (D:6)
  23 adders
  28 green rats
  A shadow imp (D:8)
  A giant mite (Sewer)
  2 worms
  4 giant geckos
  4 oozes
  14 orcs
  2 ball pythons
  A bat zombie (D:8)
  8 giant cockroaches
  15 goblins
  18 hobgoblins
  15 jackals
  15 kobolds
  17 quokkas
  11 bats
  6 giant newts
  A giant spore (D:6)
  A hobgoblin skeleton (D:4)
  An orc skeleton (D:6)
  18 rats
  A rat zombie (D:7)
  A ballistomycete (D:6)
  7 fungi
  5 plants
448 creatures vanquished.

Vanquished Creatures (collateral kills)
  A komodo dragon (Lair:5)
  A fire elemental (Lair:5)
  A giant frog (Lair:5)
3 creatures vanquished.

Vanquished Creatures (others)
  A giant mite (D:8)
  41 fulminant prisms
  An orc (D:6)
  A ballistomycete (D:6)
  2 fungi
  A plant (Lair:2)
47 creatures vanquished.

Grand Total: 498 creatures vanquished

Notes
Turn   | Place    | Note
--------------------------------------------------------------
     0 | D:1      | PolkaDot, the Draconian Conjurer, began the quest for the Orb.
     0 | D:1      | Reached XP level 1. HP: 14/14 MP: 3/3
   510 | D:1      | Reached XP level 2. HP: 17/20 MP: 1/4
   961 | D:1      | Learned a level 2 spell: Searing Ray
  1308 | D:1      | Reached skill level 5 in Conjurations
  1604 | D:2      | Reached XP level 3. HP: 26/26 MP: 6/6
  1619 | D:2      | Noticed Terence
  1693 | D:2      | Killed Terence
  2129 | D:2      | Reached XP level 4. HP: 31/33 MP: 7/7
  2496 | D:2      | Noticed Ijyb
  2555 | D:2      | Killed Ijyb
  2555 | D:2      | Reached skill level 6 in Conjurations
  2995 | D:3      | Learned a level 4 spell: Iskenderun's Mystic Blast
  3342 | D:3      | Reached XP level 5. HP: 29/38 MP: 2/9
  3657 | D:3      | Reached skill level 7 in Conjurations
  4126 | D:4      | Found a shimmering altar of Xom.
  4135 | D:4      | Noticed an angel
  4139 | D:4      | Found a glowing silver altar of Zin.
  4269 | D:4      | Noticed Somebody's ghost (average DrTm)
  4316 | D:4      | Upgraded the game from 0.16-a0-734-gc254e8c to 0.16-a0-747-geaeaf20
  4660 | D:4      | Reached XP level 6. HP: 34/45 MP: 5/10
  4686 | D:4      | Noticed an ogre
  4764 | D:4      | Killed an ogre
  4856 | D:5      | Entered Level 5 of the Dungeon
  4928 | D:5      | Reached skill level 8 in Conjurations
  4959 | D:5      | Found a staircase to the Ecumenical Temple.
  4987 | Temple   | Entered the Ecumenical Temple
  5011 | Temple   | Became a worshipper of Vehumet
  5134 | D:5      | Found an opulent altar of Gozag.
  5187 | D:5      | Found a glowing drain.
  5247 | Sewer    | Entered a sewer
  5279 | Sewer    | Noticed Purgy
  5464 | Sewer    | Killed Purgy
  5464 | Sewer    | Your scales start taking on a fiery red colour.
  5464 | Sewer    | Gained mutation: Your flesh is heat resistant. [draconian maturity]
  5464 | Sewer    | Reached XP level 7. HP: 37/50 MP: 1/12
  6241 | D:5      | Reached skill level 9 in Conjurations
  6436 | D:5      | HP: 1/50 [orc priest/divine providence (11)]
  6854 | D:5      | Found a sacrificial altar of Ru.
  6862 | D:5      | Noticed Prince Ribbit
  6898 | D:5      | Killed Prince Ribbit
  6898 | D:5      | Acquired Vehumet's first power
  6898 | D:5      | Offered knowledge of Shock by Vehumet.
  6898 | D:5      | Reached skill level 10 in Conjurations
  7103 | D:5      | Found a sparkling altar of Nemelex Xobeh.
  7170 | D:5      | Reached XP level 8. HP: 57/57 MP: 0/13
  7304 | D:5      | Found a shattered altar of Ashenzari.
  7305 | D:5      | Found a blossoming altar of Fedhas.
  7306 | D:5      | Found a bloodstained altar of Trog.
  7703 | D:6      | Found a burning altar of Makhleb.
  8453 | D:7      | Reached skill level 11 in Conjurations
  9245 | D:7      | Found an iron altar of Okawaru.
  9245 | D:7      | Found a deep blue altar of Sif Muna.
  9261 | D:7      | Learned a level 4 spell: Fulminant Prism
  9398 | D:8      | Offered knowledge of Flame Tongue by Vehumet.
  9498 | D:8      | Noticed Psyche
  9506 | D:8      | Killed Psyche
  9506 | D:8      | Reached skill level 12 in Conjurations
  9506 | D:8      | Reached skill level 1 in Hexes
  9506 | D:8      | Reached XP level 9. HP: 38/62 MP: 10/14
  9986 | D:8      | Noticed a troll
  9996 | D:8      | Killed a troll
 10316 | D:8      | Noticed a hill giant
 10416 | D:8      | Killed a hill giant
 10416 | D:8      | Reached skill level 13 in Conjurations
 10504 | D:8      | Found a staircase to the Lair.
 10527 | D:8      | Found Pnayzoc's General Store.
 11174 | D:8      | Reached XP level 10. HP: 62/69 MP: 4/16
 11418 | D:8      | Offered knowledge of Inner Flame by Vehumet.
 11541 | Lair:1   | Entered Level 1 of the Lair of Beasts
 11881 | Lair:1   | Noticed a black mamba
 11892 | Lair:1   | Killed a black mamba
 11892 | Lair:1   | Reached skill level 5 in Hexes
 12537 | Lair:1   | Reached skill level 14 in Conjurations
 12540 | Lair:1   | Acquired Vehumet's second power
 14291 | Lair:2   | Reached skill level 15 in Conjurations
 14627 | Lair:2   | Offered knowledge of Conjure Flame by Vehumet.
 14672 | Lair:2   | Reached XP level 11. HP: 63/74 MP: 2/17
 14880 | Lair:2   | Noticed a five-headed hydra
 14904 | Lair:2   | Killed a five-headed hydra
 16610 | Lair:3   | Acquired Vehumet's third power
 16902 | Lair:3   | Found a staircase to the Shoals.
 16918 | Lair:3   | Reached skill level 16 in Conjurations
 17117 | Lair:3   | Offered knowledge of Throw Icicle by Vehumet.
 18188 | Lair:3   | Learned a level 4 spell: Throw Icicle
 18606 | Lair:3   | Reached skill level 1 in Ice Magic
 18862 | Lair:3   | Reached XP level 12. HP: 61/81 MP: 6/18
 19672 | Lair:4   | Noticed an eight-headed hydra
 20482 | Lair:4   | Killed an eight-headed hydra
 21768 | Lair:5   | Identified a scroll of acquirement
 21769 | Lair:5   | Got a pair of twisted boots
 21775 | Lair:5   | Identified the +2 pair of boots of Distant Shores {rC+} (You acquired it on level 5 of the Lair of Beasts)
 21826 | Lair:5   | Reached skill level 5 in Ice Magic
 21944 | Lair:5   | Found a labyrinth entrance.
 21951 | Lab      | Entered a labyrinth
 22433 | Lab      | Noticed a minotaur
 22452 | Lab      | Killed a minotaur
 22452 | Lab      | Reached skill level 17 in Conjurations
 22456 | Lab      | Got a polished dire flail
 22462 | Lab      | Identified the +5 dire flail of Mnar {flame, SInv Stlth+} (You took it off a minotaur in a labyrinth)
 22890 | Lair:5   | Reached skill level 1 in Fighting
 23548 | Lair:5   | Got a warped dagger
 23549 | Lair:5   | Identified the +9 dagger of the Dungeon {elec, rF+ Dex+2} (You found it on level 5 of the Lair of Beasts)
 23789 | Lair:5   | Reached skill level 5 in Spellcasting
 23807 | Lair:5   | Learned a level 6 spell: Freezing Cloud
 23823 | Lair:5   | Reached skill level 1 in Air Magic
 24586 | Lair:6   | Got a transparent lajatang
 24592 | Lair:6   | Identified the +5 lajatang of Darkness {antimagic, Str+1 Dex+2} (You found it on level 6 of the Lair of Beasts)
 24806 | Lair:6   | Noticed Rupert
 24811 | Lair:6   | Paralysed by Rupert for 3 turns
 24820 | Lair:6   | Paralysed by Rupert for 5 turns
 24827 | Lair:6   | Killed Rupert
 24827 | Lair:6   | Reached XP level 13. HP: 50/96 MP: 25/25
 25154 | Lair:6   | Found a staircase to the Snake Pit.
 25851 | Lair:6   | Offered knowledge of Airstrike by Vehumet.
 25852 | Lair:6   | Found a staircase to the Swamp.
 25906 | Lair:6   | the staircase to the Swamp was a mimic.
 26337 | Lair:7   | Found a viscous altar of Jiyva.
 26337 | Lair:7   | Found a staircase to the Slime Pits.
 26337 | Lair:7   | Noticed an azure jelly
 26337 | Lair:7   | Noticed an azure jelly
 26337 | Lair:7   | Noticed an azure jelly
 26337 | Lair:7   | Noticed an azure jelly
 26681 | Lair:7   | Succumbed to a black mamba's poison

Action                   |  1- 3 |  4- 6 |  7- 9 | 10-12 | 13-15 || total
-------------------------+-------+-------+-------+-------+-------++-------
Melee: Unarmed           |    34 |       |       |     1 |       ||    35
       Short sword       |    55 |       |       |       |       ||    55
       Dagger            |    14 |   168 |   292 |   367 |       ||   841
       Trident           |       |       |       |   116 |   104 ||   220
 Cast: Magic Dart        |    31 |    20 |     5 |     5 |       ||    61
       Searing Ray       |     4 |    23 |    15 |    24 |       ||    66
       Iskenderun's Myst |       |     2 |    18 |    65 |       ||    85
       Fulminant Prism   |       |       |     9 |    32 |     1 ||    42
       Throw Icicle      |       |       |       |    73 |    27 ||   100
       Freezing Cloud    |       |       |       |     7 |    20 ||    27
 Abil: Breathe Fire      |       |       |    23 |    37 |     3 ||    63
Evoke: Wand              |       |       |     1 |    11 |       ||    12
  Use: Scroll            |       |     8 |     2 |    26 |       ||    36
       Potion            |       |     2 |     3 |    19 |       ||    24
 Stab: Sleeping          |     1 |     2 |     8 |     5 |       ||    16
       Distracted        |       |       |     1 |     1 |       ||     2
  Eat: Chunk             |     5 |     8 |    19 |    36 |    14 ||    82
       Bread ration      |       |     1 |     2 |     8 |       ||    11
       Meat ration       |       |       |       |     3 |       ||     3
       Beef jerky        |       |       |       |     2 |       ||     2
       Fruit             |       |       |       |     1 |     3 ||     4
       Royal jelly       |       |       |       |       |     1 ||     1
